 Dungeon Crawl Stone Soup version 0.28-a0-57-g271197699b (webtiles) character file.

Game seed: 14953414934511236464

118728 MirrMurr the Thrower (level 16, -8/127 HPs)
             Began as a Gnoll Hunter on July 29, 2021.
             Was the Champion of Okawaru.
             Mangled by a fenstrider witch (16 damage)
             ... while paralysed by a fenstrider witch
             ... on level 1 of the Swamp on July 30, 2021.
             The game lasted 01:52:57 (39468 turns).

MirrMurr the Thrower (Gnoll Hunter)                Turns: 39468, Time: 01:52:58

Health: -8/127     AC: 28    Str: 12    XL:     16   Next: 77%
Magic:  31/31      EV:  2    Int: 17    God:    Okawaru [******]
Gold:   463        SH:  0    Dex: 15    Spells: 19/37 levels left

rFire   . . .      SeeInvis .   a - +6 trident (venom)
rCold   . . .      Faith    .   z - +0 tower shield {reflect}
rNeg    + . .      Spirit   .   X - +0 swamp dragon scales
rPois   +          Reflect  +   Z - +2 helmet
rElec   +          Harm     .   E - +2 cloak
rCorr   +          Rampage  .   D - +2 pair of gloves
Will    +....                   T - +2 pair of boots
Stlth   ++++......              k - amulet of regeneration
HPRegen 1.31/turn               e - +4 ring of protection
MPRegen 0.22/turn               m - ring "Yloosiuts" {rElec rN+ rCorr Int+2}

@: paralysed, studying Evocations
A: fangs 1, strong nose, distributed training
a: Renounce Religion, Heroism, Finesse


You were on level 1 of the Swamp.
You worshipped Okawaru.
Okawaru was exalted by your worship.
You visited 5 branches of the dungeon, and saw 27 of its levels.
You also visited: Trove, Sewer, Ossuary and Gauntlet.

You collected 3823 gold pieces.
You spent 3360 gold pieces at shops.

Inventory:

Hand Weapons
 a - a +6 trident of venom (weapon)
 b - a +0 vorpal hunting sling
 w - a +3 dagger of electrocution
Missiles
 c - 12 javelins
 d - 2 throwing nets
 f - 7 silver javelins
 g - 778 stones
 t - 204 sling bullets
 v - 77 poisoned darts
 y - 3 boomerangs (quivered)
 H - 11 curare-tipped darts
 W - 9 silver boomerangs
Armour
 z - a +0 tower shield of reflection (worn)
 D - a +2 pair of gloves (worn)
 E - a +2 cloak (worn)
 T - a +2 pair of boots (worn)
 X - +0 swamp dragon scales (worn)
 Z - a +2 helmet (worn)
Jewellery
 e - a +4 ring of protection (left hand)
 k - an amulet of regeneration (around neck)
 m - the ring "Yloosiuts" (right hand) {rElec rN+ rCorr Int+2}
   (You found it in a Gauntlet)

   [ring of resist corrosion]

   Int:       It affects your intelligence (+2).
   rElec:     It insulates you from electricity.
   rN:        It protects you from negative energy.
   rCorr:     It protects you from acid and corrosion.
 A - a ring of protection from cold
 I - a ring of willpower
 P - the ring of Peishe {rPois rCorr Dex-5 SInv}
   (You acquired it on level 11 of the Dungeon)

   [ring of poison resistance]

   Dex:       It affects your dexterity (-5).
   rPois:     It protects you from poison.
   SInv:      It lets you see invisible.
   rCorr:     It protects you from acid and corrosion.
 Q - a ring of flight
 Y - a ring of protection from fire
Wands
 o - a wand of iceblast (20)
 p - a wand of mindburst (59)
 s - a wand of digging (7)
 K - a wand of acid (36)
 N - a wand of paralysis (37)
Scrolls
 i - 8 scrolls of identify
 j - a scroll of silence
 l - 3 scrolls of teleportation
 L - a scroll of fog
 O - 3 scrolls of magic mapping
 S - 3 scrolls of fear
 U - a scroll of immolation
 V - a scroll of blinking
Potions
 h - 10 potions of curing
 n - 7 potions of mutation
 q - 3 potions of might
 r - 2 potions of haste
 u - 3 potions of flight
 x - 4 potions of cancellation
 B - 2 potions of berserk rage
 C - a potion of invisibility
 G - 4 potions of brilliance
 M - 4 potions of ambrosia
 R - a potion of resistance
Miscellaneous
 J - a phantom mirror


   Skills:
 + Level 11.8 Fighting
 + Level 11.0 Short Blades
 + Level 11.0 Long Blades
 + Level 11.0 Axes
 + Level 11.0 Maces & Flails
 + Level 11.0 Polearms
 + Level 11.0 Staves
 + Level 11.0 Slings
 + Level 11.0 Bows
 + Level 11.0 Crossbows
 + Level 13.4 Throwing
 + Level 11.0 Armour
 + Level 11.8 Dodging
 + Level 11.2 Stealth
 + Level 11.0 Shields
 + Level 11.0 Unarmed Combat
 + Level 11.0 Spellcasting
 + Level 9.4 Conjurations
 + Level 9.4 Hexes
 + Level 9.4 Summonings
 + Level 9.4 Necromancy
 + Level 9.4 Translocations
 + Level 9.4 Transmutations
 + Level 9.4 Fire Magic
 + Level 9.4 Ice Magic
 + Level 9.4 Air Magic
 + Level 9.4 Earth Magic
 + Level 9.4 Poison Magic
 + Level 11.9 Invocations
 + Level 11.5 Evocations


You had 19 spell levels left.
You knew the following spells:

 Your Spells              Type           Power      Damage    Failure   Level
a - Poisonous Vapours     Pois/Air       82%        N/A       2%          2
b - Confusing Touch       Hex            41%        N/A       5%          3
m - Mephitic Cloud        Conj/Pois/Air  41%        N/A       5%          3
s - Summon Lightning Spi  Summ/Air       41%        N/A       19%         4
v - Summon Mana Viper     Hex/Summ       41%        N/A       45%         5
A - Apportation           Tloc           82%        N/A       1%          1

Your spell library contained the following spells:

 Spells                   Type           Power      Damage    Failure   Level
 Animate Skeleton         Necr           82%        N/A       1%          1
 Corona                   Hex            45%        N/A       1%          1
 Magic Dart               Conj           100%       1d8       1%          1
 Sting                    Tmut/Pois      100%       1d8       1%          1
 Summon Small Mammal      Summ           100%       N/A       1%          1
 Call Imp                 Summ           41%        N/A       2%          2
 Slow                     Hex            41%        N/A       2%          2
 Static Discharge         Conj/Air       41%        N/A       2%          2
 Conjure Flame            Conj/Fire      41%        6-21      5%          3
 Dazzling Flash           Conj/Hex       82%        N/A       5%          3
 Ignite Poison            Fire/Tmut/Pois 41%        N/A       5%          3
 Inner Flame              Hex/Fire       41%        N/A       5%          3
 Ozocubu's Armour         Ice            41%        N/A       5%          3
 Stone Arrow              Conj/Erth      82%        3d12      5%          3
 Vampiric Draining        Necr           20%        2d8       5%          3
 Animate Armour           Summ/Erth      82%        N/A       19%         4
 Dispel Undead            Necr           41%        3d16      19%         4
 Iskenderun's Mystic Bla  Conj/Tloc      41%        2d9       19%         4
 Leda's Liquefaction      Hex/Erth       20%        N/A       19%         4
 Olgreb's Toxic Radiance  Pois           41%        N/A       19%         4
 Sticky Flame             Conj/Fire      41%        2d6       19%         4
 Blade Hands              Tmut           20%        N/A       45%         5
 Bolt of Magma            Conj/Fire/Erth 20%        4d10      45%         5
 Silence                  Hex/Air        20%        N/A       45%         5
 Iron Shot                Conj/Erth      20%        9d5       95%         6
 Starburst                Conj/Fire      20%        8x6d7     95%         6
 Statue Form              Tmut/Erth      27%        N/A       95%         6
 Ozocubu's Refrigeration  Ice            20%        4d9       100%        7
 Storm Form               Tmut/Air       20%        N/A       100%        7
 Maxwell's Capacitive Co  Air            20%        ∞         100%        8
 Shatter                  Erth           20%        3d18*     100%        9


Dungeon Overview and Level Annotations

Branches:
Dungeon (15/15)            Temple (1/1) D:6            Lair (6/6) D:8
  Swamp (3/4) Lair:3       Spider (0/4) Lair:3        Slime (0/5) Lair:6
    Orc (2/2) D:12            Elf (0/3) Orc:2        Vaults (0/5) D:14
 Depths (0/5) D:15          Sewer (visited)         Ossuary (visited)
Gauntlet (visited)

Altars:
Ashenzari
Cheibriados
Dithmenos
Elyvilon
Fedhas
Gozag
Hepliaklqana
Kikubaaqudgha
Makhleb
Nemelex Xobeh
Okawaru
Qazlal
Ru
Sif Muna
Trog
Uskayaw
Vehumet
Wu Jian
Xom
Yredelemnul
Zin
The Shining One
Beogh

Shops:
D:2 *   D:5 (?=   D:7 *   D:12 :=   D:14 ?   Orc:1 *[*[[   Orc:2 [?*!

Annotations:
D:2 1 runed translucent door come back, Crazy Yiuf
Swamp:3 Roxanne


Innate Abilities, Weirdness & Mutations

You have very sharp teeth.
Your uncanny sense of smell can sniff out nearby items.
Your experience applies equally to all skills.


Message History

The fenstrider witch is lightly wounded.
The fenstrider witch points at you and mumbles some strange words.
You struggle to resist.
You reach to attack!
You puncture the fenstrider witch!
The fenstrider witch is poisoned.
The fenstrider witch is lightly wounded.
You block the fenstrider witch's attack.
The fenstrider witch kicks you but does no damage.
The fenstrider witch hits you but does no damage.
The fenstrider witch closely misses you.
You climb upwards.
There is a stone staircase leading down here.
You hit the fenstrider witch but do no damage.
The fenstrider witch is lightly wounded.
The fenstrider witch points at you and mumbles some strange words.
Your body is wracked with pain!
You closely miss the fenstrider witch.
The fenstrider witch is lightly wounded.
The fenstrider witch points at you and mumbles some strange words.
You suddenly lose the ability to move!
The fenstrider witch points at you and mumbles some strange words.
Your body is wracked with pain!
The fenstrider witch hits you but does no damage.
The fenstrider witch kicks you!
* * * LOW HITPOINT WARNING * * *
The fenstrider witch hits you.
* * * LOW HITPOINT WARNING * * *
The fenstrider witch barely misses you.
The fenstrider witch completely misses you.
The fenstrider witch kicks you!
* * * LOW HITPOINT WARNING * * *
The fenstrider witch casts a spell at you.
You shrug off the repeated paralysis!
The fenstrider witch hits you!
* * * LOW HITPOINT WARNING * * *
The fenstrider witch kicks you!
* * * LOW HITPOINT WARNING * * *
The fenstrider witch hits you but does no damage.
The fenstrider witch kicks you!
You die...

♣♣........≈♣♣ ♣≈.....≈≈≈....
♣♣...≈≈≈§≈≈≈.♣ ♣♣.≈§§.§≈≈.≈≈..
♣.≈≈≈≈≈§≈≈≈≈.♣ ♣.≈≈≈..≈≈.≈§≈§.
♣.§§≈§≈≈≈≈≈.≈♣ ♣≈≈≈≈..........
♣.≈≈≈....≈.♣♣♣ ♣♣♣≈♣♣♣♣.≈≈....
♣♣≈.........♣♣♣♣♣♣♣♣♣♣♣ ♣.≈≈≈≈..♣
♣♣♣≈.≈≈..≈.....♣♣≈≈≈♣♣ ♣....§..♣
♣...≈≈≈....≈§§.....♣♣♣≈...≈≈..
♣♣♣≈≈≈≈≈≈.≈≈...@.≈≈.........≈≈.♣
♣≈≈≈≈≈≈≈≈≈≈≈.≈≈H≈≈≈≈.≈≈≈.≈≈≈..≈.
♣♣♣.≈≈≈≈≈..≈≈≈≈≈≈≈≈≈.≈≈≈..≈≈≈.♣..
♣...≈≈≈§≈...≈..≈≈≈≈≈≈.§.≈§≈≈..≈≈.
♣♣≈..≈≈≈≈≈...≈♣.≈§.......≈≈≈≈.≈§.
♣.≈≈≈≈.≈≈..≈♣♣.....≈.≈..≈≈≈≈§≈≈♣
♣♣.≈≈...≈§≈≈♣♣....♣♣.≈≈.§≈...≈≈.
♣≈........≈♣≈.♣♣♣♣♣♣....≈≈≈..≈.
♣♣≈.≈≈.....≈♣♣♣♣♣♣♣♣♣§.≈≈≈≈....


You could see a fenstrider witch (very poisoned).

Vanquished Creatures
  Rupert (Lair:5)
  Gastronok (Lair:3)
  A stone giant (D:15)
  Nessos (Lair:5)
  2 bunyips (Swamp:1)
  A minotaur (Gauntlet)
  Fannar (D:11)
  4 boulder beetles
  2 centaur warriors
  8 vault guards (D:14)
  12 hydras
  4 catoblepae (Lair:6)
  5 alligators (Swamp:1)
  4 ogre magi (Orc:2)
  A death knight (D:15)
  16 two-headed ogres
  6 tengu warriors
  An orc high priest (Orc:2)
  8 death yaks
  5 skeletal warriors (D:15)
  A soul eater (Gauntlet)
  2 goliath frogs
  3 swamp dragons
  A phantasmal warrior (D:15)
  2 orc knights
  5 deep elf pyromancers
  6 cyclopes
  An ugly thing (D:13)
  An oklob plant (Lair:4)
  2 will-o-the-wisps
  3 manticores
  An orc sorcerer (Orc:2)
  Maurice (D:8)
  3 black mambas
  An elephant (shapeshifter) (D:14)
  4 elephants
  2 torpor snails
  Joseph (Lair:1)
  2 black mambas (shapeshifter)
  A molten gargoyle (D:14)
  11 cane toads
  A water nymph (shapeshifter) (D:14)
  A gargoyle (D:11)
  Maggie (D:8)
  6 komodo dragons
  A rime drake (Lair:3)
  2 freezing wraiths (D:15)
  2 hellwings (Gauntlet)
  9 trolls
  A bloated husk (Swamp:1)
  4 polar bears
  A jumping spider (Lair:3)
  A meliai zombie (D:10)
  Prince Ribbit (D:8)
  9 blink frogs
  3 tyrant leeches
  3 hornets
  Grinder (D:3)
  15 slime creatures
  3 dream sheep
  2 centaur simulacra
  Sigmund (D:4)
  2 redbacks (Lair:3)
  3 spriggans
  A vampire (D:12)
  4 shadows (Gauntlet)
  A fire bat (shapeshifter) (D:15)
  60 yaks
  5 wraiths
  4 wyverns
  9 basilisks
  13 vampire mosquitoes
  3 wargs
  6 swamp worms
  14 water moccasins
  An acid dragon (D:10)
  14 orc warriors
  2 ice beasts
  4 centaurs
  27 ogres
  3 black bears
  15 wolves (Lair:1)
  5 kobold brigands
  19 bullfrogs
  A gnoll sergeant (D:6)
  2 wyvern skeletons (D:6)
  A killer bee (D:10)
  5 wights
  7 howler monkeys
  6 electric eels
  4 centaur zombies
  13 orc priests
  A centaur skeleton (D:5)
  4 jellies
  Ijyb (D:3)
  A gnoll shaman (D:5)
  Terence (D:3)
  3 iguanas
  14 orc wizards
  2 hell rats (Lair:3)
  2 hound skeletons
  2 mummies
  Robin (D:1)
  3 howler monkey zombies
  6 gnolls
  10 river rats
  8 adders
  4 shadow imps (Gauntlet)
  13 white imps
  An ufetubus (D:5)
  2 worms
  2 dart slugs
  69 orcs
  3 bats
  4 endoplasms
  7 giant cockroaches
  17 goblins
  7 hobgoblins
  17 jackals
  2 quokkas (D:3)
  4 ball pythons (D:1)
  6 frilled lizards
  8 gnoll skeletons (Ossuary)
  A hobgoblin zombie (D:7)
  20 kobolds
  5 kobold skeletons (Ossuary)
  A kobold zombie (D:7)
  12 orc skeletons (Ossuary)
  13 rats
737 creatures vanquished.

Vanquished Creatures (collateral kills)
  A vampire mosquito (Swamp:2)
  A bullfrog zombie (D:5)
2 creatures vanquished.

Vanquished Creatures (others)
  Erolcha (D:13)
  A manticore (Lair:6)
  3 bloated husks
  21 foxfires
  39 fungi
  76 plants
  4 withered plants (Gauntlet)
145 creatures vanquished.

Grand Total: 884 creatures vanquished

Notes
Turn   | Place    | Note
-------+----------+-------------------------------------------
     0 | D:1      | MirrMurr the Gnoll Hunter began the quest for the Orb.
     0 | D:1      | Reached XP level 1. HP: 20/20 MP: 1/1
   149 | D:1      | Reached XP level 2. HP: 26/26 MP: 2/2
   727 | D:2      | Noticed Robin
   769 | D:1      | Reached XP level 3. HP: 24/31 MP: 3/3
  1101 | D:1      | Reached skill level 1 in Invocations
  1361 | D:1      | Killed Robin
  1362 | D:1      | Reached skill level 1 in Short Blades
  1362 | D:1      | Reached skill level 1 in Long Blades
  1362 | D:1      | Reached skill level 1 in Axes
  1362 | D:1      | Reached skill level 1 in Maces & Flails
  1362 | D:1      | Reached skill level 1 in Polearms
  1362 | D:1      | Reached skill level 1 in Staves
  1362 | D:1      | Reached skill level 1 in Slings
  1362 | D:1      | Reached skill level 1 in Bows
  1362 | D:1      | Reached skill level 1 in Crossbows
  1362 | D:1      | Reached skill level 1 in Armour
  1362 | D:1      | Reached skill level 1 in Shields
  1362 | D:1      | Reached skill level 1 in Unarmed Combat
  1362 | D:1      | Reached skill level 1 in Spellcasting
  1362 | D:1      | Reached skill level 1 in Evocations
  1603 | D:2      | Reached XP level 4. HP: 32/38 MP: 5/5
  1898 | D:2      | Found a runed translucent door.
  1899 | D:2      | Noticed Crazy Yiuf
  1942 | D:2      | Found a faded altar of an unknown god.
  2054 | D:2      | Found Piutaqy's Assorted Antiques.
  2124 | D:2      | Reached skill level 1 in Conjurations
  2124 | D:2      | Reached skill level 1 in Hexes
  2124 | D:2      | Reached skill level 1 in Summonings
  2124 | D:2      | Reached skill level 1 in Necromancy
  2124 | D:2      | Reached skill level 1 in Translocations
  2124 | D:2      | Reached skill level 1 in Transmutations
  2124 | D:2      | Reached skill level 1 in Fire Magic
  2124 | D:2      | Reached skill level 1 in Ice Magic
  2124 | D:2      | Reached skill level 1 in Air Magic
  2124 | D:2      | Reached skill level 1 in Earth Magic
  2124 | D:2      | Reached skill level 1 in Poison Magic
  2144 | D:2      | Upgraded the game from 0.28-a0-46-g7b1be97da7 to
                  | 0.28-a0-57-g271197699b
  2400 | D:3      | Reached XP level 5. HP: 43/43 MP: 6/6
  2695 | D:3      | Noticed Terence
  2701 | D:3      | Killed Terence
  2797 | D:3      | Noticed Ijyb
  2865 | D:3      | Killed Ijyb
  3035 | D:3      | Noticed Grinder
  3056 | D:3      | Paralysed by Grinder for 3 turns
  3062 | D:3      | Paralysed by Grinder for 4 turns
  3072 | D:3      | Killed Grinder
  3073 | D:3      | Reached skill level 5 in Fighting
  3073 | D:3      | Reached skill level 5 in Dodging
  3073 | D:3      | Reached XP level 6. HP: 43/51 MP: 7/9
  3593 | D:4      | Noticed Sigmund
  3616 | D:4      | Killed Sigmund
  3617 | D:4      | Reached XP level 7. HP: 9/56 MP: 10/10
  4558 | D:5      | Entered Level 5 of the Dungeon
  4629 | D:5      | Reached skill level 9 in Throwing
  4854 | D:5      | Found a glowing drain.
  5026 | Sewer    | Entered a sewer
  5192 | Sewer    | Found a glowing silver altar of Zin.
  5452 | D:5      | Reached XP level 8. HP: 63/63 MP: 12/12
  5502 | D:5      | Found Ryetuewy's Antique Weapon Shoppe.
  5503 | D:5      | Found Ano Pup's Jewellery Shop.
  5503 | D:5      | Found Guvylur's Jewellery Boutique.
  5505 | D:5      | Found Wampein's Magic Scroll Shop.
  6039 | D:6      | Found a staircase to the Ecumenical Temple.
  6057 | Temple   | Entered the Ecumenical Temple
  6519 | D:6      | Found a hide-covered altar of Uskayaw.
  6723 | D:6      | Found an iron altar of Okawaru.
  6724 | D:6      | Found a burning altar of Makhleb.
  6729 | D:6      | Became a worshipper of Warmaster Okawaru
  7298 | D:6      | Found a bloodstained altar of Trog.
  7530 | D:6      | Reached XP level 9. HP: 16/69 MP: 14/14
  8056 | D:6      | HP: 2/69 [wyvern skeleton (3)]
  8057 | D:6      | Reached * piety under Okawaru
  8932 | D:7      | Found a sand-covered staircase.
  8943 | Ossuary  | Entered an ossuary
  9702 | D:7      | Identified a scroll of acquirement
  9702 | D:7      | Acquired 1115 gold pieces
 10311 | D:7      | Reached skill level 5 in Stealth
 10403 | D:7      | Found Kininlo's Serpentskin Sales.
 10408 | D:7      | Bought a +3 trident of venom for 233 gold pieces
 10567 | D:8      | Noticed Maurice
 10711 | D:8      | Noticed Prince Ribbit
 10867 | D:8      | Killed Maurice
 10867 | D:8      | Reached ** piety under Okawaru
 10868 | D:8      | Reached skill level 5 in Invocations
 10893 | D:8      | Killed Prince Ribbit
 11001 | D:8      | Noticed Maggie
 11039 | D:8      | Killed Maggie
 11040 | D:8      | Reached XP level 10. HP: 23/77 MP: 17/17
 11342 | D:8      | Reached skill level 5 in Short Blades
 11342 | D:8      | Reached skill level 5 in Long Blades
 11342 | D:8      | Reached skill level 5 in Axes
 11342 | D:8      | Reached skill level 5 in Maces & Flails
 11342 | D:8      | Reached skill level 5 in Polearms
 11342 | D:8      | Reached skill level 5 in Staves
 11342 | D:8      | Reached skill level 5 in Slings
 11342 | D:8      | Reached skill level 5 in Bows
 11342 | D:8      | Reached skill level 5 in Crossbows
 11342 | D:8      | Reached skill level 5 in Armour
 11342 | D:8      | Reached skill level 5 in Shields
 11342 | D:8      | Reached skill level 5 in Unarmed Combat
 11342 | D:8      | Reached skill level 5 in Spellcasting
 11342 | D:8      | Reached skill level 5 in Evocations
 11544 | D:8      | Found a staircase to the Lair.
 12044 | D:9      | Reached skill level 10 in Throwing
 12113 | D:9      | Reached *** piety under Okawaru
 12437 | D:9      | Found a blossoming altar of Fedhas.
 12440 | D:9      | Found a shadowy altar of Dithmenos.
 12442 | D:9      | Found a basalt altar of Yredelemnul.
 13235 | D:10     | Entered Level 10 of the Dungeon
 13352 | D:10     | Reached **** piety under Okawaru
 13361 | D:10     | Reached XP level 11. HP: 26/84 MP: 19/19
 13403 | D:10     | Received a gift from Okawaru
 14101 | D:10     | Reached skill level 5 in Conjurations
 14101 | D:10     | Reached skill level 5 in Hexes
 14101 | D:10     | Reached skill level 5 in Summonings
 14101 | D:10     | Reached skill level 5 in Necromancy
 14101 | D:10     | Reached skill level 5 in Translocations
 14101 | D:10     | Reached skill level 5 in Transmutations
 14101 | D:10     | Reached skill level 5 in Fire Magic
 14101 | D:10     | Reached skill level 5 in Ice Magic
 14101 | D:10     | Reached skill level 5 in Air Magic
 14101 | D:10     | Reached skill level 5 in Earth Magic
 14101 | D:10     | Reached skill level 5 in Poison Magic
 14856 | D:11     | You fall into a shaft and drop 3 floors!
 14856 | D:14     | Found a gate to the Vaults.
 14856 | D:14     | Noticed a vault guard
 14856 | D:14     | Noticed a vault guard
 14856 | D:14     | Noticed a vault guard
 14856 | D:14     | Noticed a vault guard
 14856 | D:14     | Noticed a vault guard
 14856 | D:14     | Noticed a vault guard
 14857 | D:14     | Noticed a vault guard
 14857 | D:14     | Noticed a vault guard
 14867 | D:15     | Entered Level 15 of the Dungeon
 15118 | D:15     | Noticed a deep elf pyromancer
 15118 | D:15     | Noticed a tengu warrior
 15119 | D:15     | Noticed a phantasmal warrior
 15273 | D:14     | Noticed a cyclops
 15286 | D:14     | Killed a cyclops
 15459 | D:14     | Killed a vault guard
 15866 | D:14     | Killed a vault guard
 15866 | D:14     | Reached ***** piety under Okawaru
 16146 | D:12     | Found Codgh's Book Boutique.
 16159 | D:12     | Noticed a manticore
 16176 | D:12     | Killed a manticore
 16361 | D:11     | Received a gift from Okawaru
 16438 | D:11     | Noticed Fannar
 16443 | D:11     | Noticed an eight-headed hydra
 16486 | D:11     | Noticed a manticore
 16497 | D:11     | Noticed a cyclops
 17124 | D:11     | Reached XP level 12. HP: 37/93 MP: 22/22
 17608 | D:11     | Acquired the ring of Peishe {rPois rCorr Dex-5 SInv}
 17670 | D:11     | Killed an eight-headed hydra
 17670 | D:11     | Received a gift from Okawaru
 17774 | D:11     | Noticed a two-headed ogre
 17791 | D:11     | Killed a two-headed ogre
 17791 | D:11     | Received a gift from Okawaru
 17889 | D:11     | Killed Fannar
 17890 | D:11     | Reached skill level 11 in Throwing
 17998 | D:11     | Received a gift from Okawaru
 18352 | D:11     | Learned a level 2 spell: Poisonous Vapours
 18400 | D:12     | Bought a book of Debilitation for 264 gold pieces
 18404 | D:12     | Learned a level 3 spell: Confusing Touch
 18739 | Lair:1   | Entered Level 1 of the Lair of Beasts
 18794 | D:8      | Received a gift from Okawaru
 18928 | Lair:1   | Identified the +10 great sword of Youthful Indiscretion
                  | {flame, rF+ rC++ rN+ Dex-4}
 19013 | Lair:1   | Noticed a five-headed hydra
 19022 | Lair:1   | Killed a five-headed hydra
 19156 | Lair:1   | Noticed Joseph
 19178 | Lair:1   | Killed Joseph
 19474 | Lair:1   | Received a gift from Okawaru
 19607 | Lair:1   | Noticed a seven-headed hydra
 19629 | Lair:1   | Killed a seven-headed hydra
 19739 | Lair:1   | Noticed a five-headed hydra
 19748 | Lair:1   | Killed a five-headed hydra
 20090 | Lair:2   | Reached XP level 13. HP: 99/101 MP: 24/24
 20219 | Lair:2   | Received a gift from Okawaru
 20954 | Lair:3   | Found a staircase to the Swamp.
 21019 | Lair:3   | Noticed Gastronok
 21111 | Lair:3   | Killed Gastronok
 21154 | Lair:3   | Found a gate leading to a gauntlet.
 21176 | Gauntlet | Entered a Gauntlet
 21176 | Gauntlet | Found a transporter.
 21176 | Gauntlet | Found a transporter.
 21177 | Gauntlet | Found a transporter.
 21177 | Gauntlet | Found a transporter.
 21180 | Gauntlet | Found a transporter.
 21180 | Gauntlet | Found a transporter.
 21190 | Gauntlet | Found a transporter.
 21194 | Gauntlet | Found a transporter.
 21201 | Gauntlet | Noticed a reaper
 21208 | Gauntlet | Found a transporter.
 21305 | Gauntlet | Found a transporter.
 21309 | Gauntlet | Found a transporter.
 21319 | Gauntlet | Found a transporter.
 21835 | Gauntlet | Identified the ring "Yloosiuts" {rElec rN+ rCorr Int+2}
 21837 | Gauntlet | Identified the +6 falchion of Lust {protect, Drain Str+2
                  | Int+7 Dex+4}
 21932 | Gauntlet | Noticed a minotaur
 21949 | Gauntlet | Killed a minotaur
 22608 | Lair:3   | Identified the +4 scale mail of Joes {Int+2}
 22674 | Lair:3   | Found a hole to the Spider Nest.
 23302 | Lair:4   | Received a gift from Okawaru
 23393 | Lair:4   | Reached XP level 14. HP: 58/109 MP: 26/26
 23395 | Lair:4   | Identified the +7 great sword of Ajem {flame, Int+2}
 23733 | Lair:4   | Reached skill level 10 in Fighting
 23733 | Lair:4   | Reached skill level 12 in Throwing
 23733 | Lair:4   | Reached skill level 10 in Dodging
 24778 | Lair:5   | Noticed Nessos
 24795 | Lair:5   | Killed Nessos
 24966 | Lair:5   | Noticed Rupert
 25238 | Lair:5   | Identified the +5 quarterstaff of Reason {vorpal, Str+3}
 25621 | Lair:5   | Killed Rupert
 26275 | Lair:6   | Entered Level 6 of the Lair of Beasts
 26370 | Lair:6   | Identified the +9 spear "Aril" {vamp, +Rage rCorr Str-3}
 26514 | Lair:6   | Received a gift from Okawaru
 26540 | Lair:6   | Reached skill level 10 in Invocations
 26555 | Lair:6   | Learned a level 1 spell: Apportation
 26559 | Lair:6   | Learned a level 3 spell: Mephitic Cloud
 26646 | Lair:6   | Identified the -1 hat "Lodig" {Dex+4} (Okawaru gifted it to
                  | you on level 6 of the Lair of Beasts)
 26646 | Lair:6   | Received a gift from Okawaru
 27980 | Lair:6   | Reached skill level 10 in Stealth
 28134 | Lair:6   | Found a staircase to the Slime Pits.
 28208 | Lair:6   | Reached XP level 15. HP: 94/117 MP: 28/28
 28951 | D:12     | Received a gift from Okawaru
 29021 | D:12     | Found Tivaocy's Jewellery Shoppe.
 29352 | D:12     | Found a staircase to the Orcish Mines.
 29980 | D:13     | Received a gift from Okawaru
 30222 | D:13     | Noticed Erolcha
 30232 | D:13     | Killed Erolcha
 30434 | D:13     | Reached skill level 10 in Short Blades
 30434 | D:13     | Reached skill level 10 in Long Blades
 30434 | D:13     | Reached skill level 10 in Axes
 30434 | D:13     | Reached skill level 10 in Maces & Flails
 30434 | D:13     | Reached skill level 10 in Polearms
 30434 | D:13     | Reached skill level 10 in Staves
 30434 | D:13     | Reached skill level 10 in Slings
 30434 | D:13     | Reached skill level 10 in Bows
 30434 | D:13     | Reached skill level 10 in Crossbows
 30434 | D:13     | Reached skill level 10 in Armour
 30434 | D:13     | Reached skill level 10 in Shields
 30434 | D:13     | Reached skill level 10 in Unarmed Combat
 30434 | D:13     | Reached skill level 10 in Spellcasting
 30434 | D:13     | Reached skill level 10 in Evocations
 30697 | D:13     | Received a gift from Okawaru
 31005 | D:14     | Found Baok's Magic Scroll Shoppe.
 31008 | D:14     | Bought a scroll of acquirement for 624 gold pieces
 31008 | D:14     | Acquired a book of the Sky
 31015 | D:14     | Learned a level 4 spell: Summon Lightning Spire
 31079 | D:14     | Received a gift from Okawaru
 31353 | D:14     | Found a faded altar of an unknown god.
 31356 | D:14     | Found a hazy altar of Hepliaklqana.
 31893 | D:15     | HP: 4/118 [phantasmal warrior[a death knight] (16)]
 32074 | D:15     | Found a staircase to the Depths.
 32360 | D:15     | Found a portal to a secret trove of treasure.
 33268 | D:15     | Reached skill level 13 in Throwing
 33855 | D:15     | Reached XP level 16. HP: 51/125 MP: 30/30
 34336 | D:5      | Bought the +10 zealot's sword {holy, *Rage rN+ EV+3} for
                  | 1791 gold pieces
 34336 | D:5      | Found the +10 zealot's sword {holy, *Rage rN+ EV+3}
 34610 | D:15     | You paid a toll of zealot's sword to enter a treasure trove
 34611 | Trove    | Entered a treasure trove
 34771 | Orc:1    | Entered Level 1 of the Orcish Mines
 34835 | Orc:1    | Found Ofabluh's Armour Emporium.
 34857 | Orc:1    | Found Zausm's Antique Armour Emporium.
 34901 | Orc:2    | Entered Level 2 of the Orcish Mines
 35618 | Orc:2    | Received a gift from Okawaru
 36002 | Orc:2    | Paralysed by an ogre mage for 3 turns
 36022 | Orc:2    | Received a gift from Okawaru
 36253 | Orc:2    | Found Sest's Magic Scroll Emporium.
 36253 | Orc:2    | Found Tote Zoan's Distillery.
 36260 | Orc:2    | Reached ****** piety under Okawaru
 36261 | Orc:2    | Found Orua's Antique Armour Boutique.
 36261 | Orc:2    | Found Kofo's Assorted Antiques.
 36307 | Orc:2    | Found a staircase to the Elven Halls.
 36616 | Orc:2    | Identified the +10 plate armour of the Endless Expanse
                  | {Contam Regen+ SInv} (Okawaru gifted it to you on level 2
                  | of the Orcish Mines)
 36616 | Orc:2    | Received a gift from Okawaru
 36740 | Orc:1    | Found Rouhaho's Antique Armour Emporium.
 36744 | Orc:1    | Found Tyem's General Store.
 36786 | Orc:1    | Found Erruyqel's Gadget Gallery.
 37064 | Swamp:1  | Entered Level 1 of the Swamp
 38488 | Orc:1    | Bought Hanuq's Guide on Malediction for 448 gold pieces
 38667 | Swamp:1  | Learned a level 5 spell: Summon Mana Viper
 39006 | Swamp:2  | You fall into a shaft and drop 1 floor!
 39334 | Swamp:3  | Identified Roxanne's Catalogue of Stones
 39334 | Swamp:3  | Noticed Roxanne
 39346 | Swamp:3  | Noticed a fenstrider witch
 39355 | Swamp:3  | Paralysed by a fenstrider witch for 3 turns
 39463 | Swamp:1  | Paralysed by a fenstrider witch for 6 turns
 39468 | Swamp:1  | Mangled by a fenstrider witch

Illustrated notes

Levels and vault maps discovered:
D:1:      mrwooster_arrival_arrow, layout_basic
D:2:      layout_rooms, shapermc_ecumenical_altar_petra, serial_shops,
          shop_fountains, minmay_between, uniq_robin, uniq_crazy_yiuf_cottage
D:3:      layout_loops_ring, grunt_decor_fettered, uniq_ijyb, uniq_terence,
          uniq_grinder
D:4:      layout_gridville, uniq_sigmund
D:5:      layout_basic, gup_sewer_entry_glass, nicolae_wooded_promenade
D:6:      layout_cave_pods, gammafunk_temple_overflow_statue,
          trog_three_pillars_becter, nicolae_uskayaw_dance_studio,
          minmay_temple_entry_tees
D:7:      layout_rooms, nicolae_ossuary_entry_giza, mrwooster_statue_mirror,
          guppyfry_shop_venom
D:8:      layout_basic, david_lair_shrubbed, the_hattery, uniq_maggie,
          uniq_prince_ribbit1, uniq_maurice
D:9:      layout_basic, grunt_temple_overflow_open, nrook_pool_corridor
D:10:     layout_irregular_city, serial_bayou_pond_b, minivault_24
D:11:     layout_cave_pools, st_stairs_8, uniq_fannar
D:12:     layout_loops_ring, orc_0_dummy, serial_shops, shop, shop
D:13:     layout_long_grid, portal_ice_cave_entry_imps, uniq_erolcha
D:14:     layout_basic, erik_vaults_2, minivault_25, serial_shops,
          nicolae_shop_behind_doors, beargit_hepliaklqana_dungeon_heroes
D:15:     grunt_enter_depths_snipers, layout_basic,
          nicolae_trove_entry_diagonal, minivault_25
Temple:   regret_index_temple_waves
Lair:1:   layout_cave_pods, uniq_joseph
Lair:2:   layout_chaotic_city, grunt_forest_small_clearings, grunt_megastairs_2
Lair:3:   layout_regular_city, swamp_mist, spider_nest_entry_a,
          gauntlet_entry_generic, chequers_serial_rivers_micro_c,
          kennysheep_rathole, uniq_gastronok
Lair:4:   nzn_winding_woodlands_large [nzn_winding_woodlands_5x5_perimeter,
          nzn_winding_woodlands_5x15_twine, nzn_winding_woodlands_5x5_default,
          nzn_winding_woodlands_center_triple_pond,
          nzn_winding_woodlands_15x15_killbox,
          nzn_winding_woodlands_center_diamonds,
          nzn_winding_woodlands_5x5_checkerboard,
          nzn_winding_woodlands_5x15_lazy_stream,
          nzn_winding_woodlands_5x5_default], layout_regular_city
Lair:5:   layout_small_grid, uniq_rupert, uniq_nessos
Lair:6:   evilmike_catoblepas_cave, layout_cave_pods,
          minmay_slime_entry_pillars, disabler_island, lemuel_fruit_tree,
          serial_bayou_shore_b
Swamp:1:  layout_basic_swamp, nicolae_swamp_triple_paths, swamp_pool1
Swamp:2:  layout_falls_marsh, evilmike_swamp_ruin_house_6
Swamp:3:  layout_falls_marsh, evilmike_swamp_ruin_house_3, swamp_pool1,
          uniq_roxanne
Orc:1:    layout_caves, serial_shops, nicolae_shop_overgrown_old_shop, shop,
          nicolae_shop_competitors_out_of_business, nicolae_shop_trees,
          nicolae_shop_gadgets
Orc:2:    st_orc_ogre_mass, layout_caves, minmay_orc_temple_b

Skill      XL: |  1  2  3  4  5  6  7  8  9 10 11 12 13 14 15 16 |
---------------+-------------------------------------------------+-----
Invocations    | 1 2 3 4 5 6 7 8 9 10 11 | 11.9
Short Blades   | 1 2 3 4 5 6 7 8 9 10 11 | 11.0
Long Blades    | 1 2 3 4 5 6 7 8 9 10 11 | 11.0
Axes           | 1 2 3 4 5 6 7 8 9 10 11 | 11.0
Maces & Flails | 1 2 3 4 5 6 7 8 9 10 11 | 11.0
Polearms       | 1 2 3 4 5 6 7 8 9 10 11 | 11.0
Staves         | 1 2 3 4 5 6 7 8 9 10 11 | 11.0
Slings         | 1 2 3 4 5 6 7 8 9 10 11 | 11.0
Bows           | 1 2 3 4 5 6 7 8 9 10 11 | 11.0
Crossbows      | 1 2 3 4 5 6 7 8 9 10 11 | 11.0
Armour         | 1 2 3 4 5 6 7 8 9 10 11 | 11.0
Shields        | 1 2 3 4 5 6 7 8 9 10 11 | 11.0
Unarmed Combat | 1 2 3 4 5 6 7 8 9 10 11 | 11.0
Spellcasting   | 1 2 3 4 5 6 7 8 9 10 11 | 11.0
Evocations     | 1 2 3 4 5 6 7 8 9 10 11 | 11.5
Conjurations   | 1 2 3 4 5 6 7 8 9 |  9.4
Hexes          | 1 2 3 4 5 6 7 8 9 |  9.4
Summonings     | 1 2 3 4 5 6 7 8 9 |  9.4
Necromancy     | 1 2 3 4 5 6 7 8 9 |  9.4
Translocations | 1 2 3 4 5 6 7 8 9 |  9.4
Transmutations | 1 2 3 4 5 6 7 8 9 |  9.4
Fire Magic     | 1 2 3 4 5 6 7 8 9 |  9.4
Ice Magic      | 1 2 3 4 5 6 7 8 9 |  9.4
Air Magic      | 1 2 3 4 5 6 7 8 9 |  9.4
Earth Magic    | 1 2 3 4 5 6 7 8 9 |  9.4
Poison Magic   | 1 2 3 4 5 6 7 8 9 |  9.4
Fighting       | 5 6 7 8 9 10 11 | 11.8
Dodging        | 5 6 7 8 9 10 11 | 11.8
Stealth        | 3 4 5 6 7 8 9 10 11 | 11.2
Throwing       | 9 10 11 12 13 | 13.4

Action                   |  1- 3 |  4- 6 |  7- 9 | 10-12 | 13-15 | 16-18 || total
-------------------------+-------+-------+-------+-------+-------+-------++-------
Melee: Short sword       |     7 |       |       |       |       |       ||     7
       Bite              |     6 |    18 |    59 |    75 |   142 |    52 ||   352
       Dagger            |    98 |       |    46 |       |       |       ||   144
       Spear             |     7 |   151 |   383 |       |       |       ||   541
       Trident           |       |       |    55 |   660 |  1925 |   659 ||  3299
 Fire: Hunting sling     |       |       |       |       |   293 |    80 ||   373
Throw: Stone             |    19 |    38 |   194 |     6 |     8 |       ||   265
       Javelin           |     4 |     2 |       |       |    54 |     3 ||    63
       Throwing net      |     1 |       |       |     1 |       |       ||     2
       Boomerang         |       |       |       |   193 |    58 |    51 ||   302
 Cast: Poisonous Vapours |       |       |       |    19 |     2 |    23 ||    44
       Mephitic Cloud    |       |       |       |       |     2 |     4 ||     6
       Apportation       |       |       |       |       |       |     2 ||     2
       Summon Lightning  |       |       |       |       |       |     2 ||     2
Invok: Heroism           |       |       |     2 |     3 |    18 |     3 ||    26
       Finesse           |       |       |       |     1 |     7 |       ||     8
Evoke: Wand              |       |       |     4 |       |       |       ||     4
  Use: Potion            |       |     1 |     9 |     2 |     5 |     1 ||    18
       Scroll            |       |     7 |    18 |    13 |    10 |     2 ||    50
 Stab: Sleeping          |     2 |       |     4 |     3 |    11 |     3 ||    23
       Held in net/web   |       |       |       |     3 |       |       ||     3
       Invisible         |       |       |       |       |     1 |       ||     1
       Petrified         |       |       |       |       |     5 |       ||     5
       Confused          |       |       |       |       |     2 |     1 ||     3
       Distracted        |       |       |       |       |     3 |     1 ||     4
Armor: Ring mail         |    53 |    78 |   202 |     1 |       |       ||   334
       Leather armour    |     8 |       |       |       |       |       ||     8
       Acid dragon scale |       |       |       |   371 |   760 |   291 ||  1422
       Swamp dragon scal |       |       |       |       |       |    15 ||    15
Dodge: Dodged            |   100 |    63 |   180 |   327 |   726 |   324 ||  1720
Block: Kite shield       |       |    48 |    67 |       |    86 |       ||   201
       Tower shield      |       |       |   265 |   465 |   248 |   626 ||  1604
       Buckler           |       |       |       |    59 |   373 |       ||   432
       Reflection        |       |       |       |       |     2 |     6 ||     8

Table legend: (Time is in decaauts)
 A = Elapsed time spent in this place.
 B = Non-inter-level travel time spent in this place.
 C = Inter-level travel time spent in this place.
 D = Time resting spent in this place.
 E = Time spent auto-exploring this place.
 F = Levels seen in this place.
 G = Mean time per level.
                   A        B        C        D        E       F      G
               +--------+--------+--------+--------+--------+-----+--------+
         Total |  39650 |  35150 |   4500 |   2177 |  23957 |  31 | 1279.0 |
       Dungeon |  24088 |  20983 |   3105 |   1517 |  14638 |  15 | 1605.9 |
        Temple |    272 |    254 |     18 |      0 |    253 |   1 |  272.0 |
          Lair |   9257 |   8234 |   1023 |    303 |   5892 |   6 | 1542.8 |
         Swamp |   1791 |   1633 |    158 |    195 |    905 |   3 |  597.0 |
  Orcish Mines |   2303 |   2109 |    194 |      0 |   1268 |   2 | 1151.5 |
         Trove |     62 |     62 |      0 |      0 |     22 |   1 |   62.0 |
         Sewer |    285 |    285 |      0 |      0 |    190 |   1 |  285.0 |
       Ossuary |    830 |    830 |      0 |      0 |    584 |   1 |  830.0 |
      Gauntlet |    758 |    758 |      0 |    162 |    203 |   1 |  758.0 |
               +--------+--------+--------+--------+--------+-----+--------+

Top non-repeatable levels by time:
    D:10: 2526 daAuts
     D:6: 2314 daAuts
    D:15: 2275 daAuts
  Lair:6: 2221 daAuts
    D:14: 2048 daAuts
     D:9: 1925 daAuts
     D:8: 1777 daAuts
     D:5: 1725 daAuts
     D:1: 1688 daAuts
  Lair:5: 1679 daAuts
   Orc:2: 1665 daAuts
  Lair:4: 1592 daAuts
  Lair:1: 1428 daAuts
     D:3: 1400 daAuts
    D:11: 1352 daAuts
